 Dungeon Crawl Stone Soup version 0.31-a0-879-g1609e0ac53 (webtiles) character file.

Game seed: 3539206017660885947

450 Dirtsage the Changeling (level 7, 0/45 HPs)
             Began as an Octopode Shapeshifter on Oct 14, 2023.
             Slain by an ufetubus (5 damage)
             ... on level 4 of the Dungeon.
             The game lasted 00:10:30 (3707 turns).

Dirtsage the Changeling (Octopode Shapeshifter)     Turns: 3707, Time: 00:10:31

Health: 0/45       AC:  1    Str: 15    XL:     7   Next: 4%
Magic:  7/7        EV: 13    Int: 18    God:
Gold:   231        SH:  0    Dex: 12    Spells: 6/6 levels left

rFire   . .          .
                       - Unarmed
rCold   . . .        (no shield)
rNeg    . . .        (helmet currently unavailable)
rPois   .            (no amulet)
rElec   .            a - +6 ring of intelligence
rCorr   .            (no ring)
SInv    .            (no ring)
Will    .....        (no ring)
Stlth   ++           (no ring)
HPRegen 0.27/turn    (no ring)
MPRegen 0.10/turn    (no ring)
                     (no ring)

%: no passive effects
@: beast-form
A: beast (slay +3), almost no armour, amphibious, 8 rings, camouflage 1,
gelatinous body 1, (nimble swimmer 1), tentacles
a: Begin Untransformation


You were on level 4 of the Dungeon.
You were a hulking beast.
You visited 1 branch of the dungeon, and saw 5 of its levels.

You collected 231 gold pieces.

Inventory:

Magical Staves
 g - a staff of conjuration
Jewellery
 a - a +6 ring of intelligence (left tentacle)
Talismans
 b - a beast talisman (active)
 c - a flux talisman
 k - a serpent talisman
Potions
 d - a potion of might
 q - 3 potions of curing


   Skills:
 + Level 2.5 Fighting
 - Level 2.0 Dodging
 + Level 4.3 Unarmed Combat
 * Level 6.1 Shapeshifting


You had 6 spell levels left.
You didn't know any spells.
Your spell library contained the following spells:

 Spells                   Type           Power      Damage    Failure   Level
 Magic Dart               Conj           0%         1d3       22%         1
 Searing Ray              Conj           0%         2d4       32%         2
 Fulminant Prism          Conj/Hex       0%         3d5       91%         4


Dungeon Overview and Level Annotations

Branches:
Dungeon (5/15)
 Temple: D:4-7

Altars:
Hepliaklqana
Ru
Vehumet

Shops:
D:3 =(==


Innate Abilities, Weirdness & Mutations

You are a hulking beast.
Your limbs bulge with bestial killing power. (Slay +3)
You cannot wear most types of armour.
You are amphibious.
You can wear up to eight rings at the same time.
Your skin changes colour to match your surroundings (Stealth+).
Your rubbery body absorbs attacks. (AC +1, EV +1)
((You are camouflaged when in or above water. (Stealth+)))
You have tentacles for arms and can constrict up to eight enemies at once.


Message History

There is a stone staircase leading up here.
You climb upwards.
There is a stone staircase leading down here.
Your extra speed is starting to run out.
You feel yourself slow down.
There is a stone staircase leading down here.
You regained 11 hp, and now have 14/45 hp.
You see here a +0 dagger.
There is an escape hatch in the ceiling here.
There is a stone staircase leading down here.
You regained 9 hp, and now have 23/45 hp.
You start resting.
HP restored.
Health restored: 45 You climb downwards.
The black bear misses you. The black bear barely misses you.
The black bear completely misses you.
There is a stone staircase leading up here.
The ufetubus misses you.
The ufetubus hits you. x2; The ufetubus misses you.
The ufetubus hits you. x2; The black bear bites you!
The black bear claws you. The black bear completely misses you.
You climb upwards.
There is a stone staircase leading down here.
You take 24 damage, and have 21/45 hp.
MASSIVE DAMAGE!!
You barely miss the black bear. You grab the black bear.
You squeeze the black bear!
The black bear is moderately wounded.
You constrict the black bear. The ufetubus hits you.
The ufetubus barely misses you. The black bear misses you.
The black bear claws you.
* * * LOW HITPOINT WARNING * * *
The black bear claws you.
* * * LOW HITPOINT WARNING * * *
You take 13 damage, and have 8/45 hp.
MASSIVE DAMAGE!!
You tentacle-slap the black bear but do no damage.
You squeeze the black bear.
The black bear is heavily wounded.
You constrict the black bear. The ufetubus hits you.
* * * LOW HITPOINT WARNING * * *
The ufetubus hits you.
You die...

##################
...............5h#
...##########.##h#
...# #.##.#
...##########.##.#
...##.........##.#
#####.##########.#
#.# #.#
##'##########.#
#..........##.#


You could see a black bear and an ufetubus.

Vanquished Creatures
  Sigmund (D:3)
  An ogre (D:4)
  A howler monkey (D:4)
  Jessica (D:2)
  Robin (D:3)
  3 adders (D:4)
  3 worms
  2 dart slugs
  7 orcs
  7 ball pythons
  2 endoplasms (D:1)
  5 giant cockroaches
  18 goblins
  9 hobgoblins
  9 jackals
  6 kobolds
  A quokka (D:3)
  4 bats
  7 frilled lizards
  5 rats
93 creatures vanquished.

Notes
Turn   | Place    | Note
-------+----------+-------------------------------------------
     0 | D:1      | Dirtsage the Octopode Shapeshifter began the quest for the
                  | Orb.
     0 | D:1      | Reached XP level 1. HP: 13/13 MP: 1/1
    94 | D:1      | Reached XP level 2. HP: 18/18 MP: 2/2
   632 | D:2      | Reached XP level 3. HP: 21/23 MP: 3/3
   809 | D:2      | Noticed Jessica
   817 | D:2      | Killed Jessica
   829 | D:2      | You fall into a shaft and drop 2 floors!
   838 | D:4      | Noticed an ogre
   858 | D:4      | Reached XP level 4. HP: 29/29 MP: 4/4
   913 | D:3      | Found Yreifead's Jewellery Boutique.
   955 | D:3      | Found Oclafy's Jewellery Shoppe.
  1101 | D:3      | Found a hazy altar of Hepliaklqana.
  1287 | D:2      | Found a radiant altar of Vehumet.
  1675 | D:3      | Found Surergh's Jewellery Shoppe.
  1696 | D:3      | Reached skill level 4 in Shapeshifting
  2070 | D:3      | Noticed Sigmund
  2074 | D:3      | Killed Sigmund
  2075 | D:3      | Reached skill level 5 in Shapeshifting
  2075 | D:3      | Reached XP level 5. HP: 17/34 MP: 5/5
  2075 | D:3      | Reached XP level 6. HP: 19/39 MP: 6/6
  2249 | D:3      | Found Duoziuwk's Weapon Shop.
  2401 | D:3      | Noticed Robin
  2483 | D:3      | Killed Robin
  2715 | D:3      | Found a sacrificial altar of Ru.
  3336 | D:4      | Reached skill level 6 in Shapeshifting
  3336 | D:4      | Reached XP level 7. HP: 45/45 MP: 7/7
  3463 | D:5      | Entered Level 5 of the Dungeon
  3527 | D:5      | HP: 2/45 [ufetubus (4)]
  3707 | D:4      | Slain by an ufetubus

Illustrated notes

Levels and vault maps discovered:
D:1:      amcnicky_arrival_gap_in_the_tavern_cellar, layout_rooms
D:2:      layout_basic, basic_altar, uniq_jessica
D:3:      kennysheep_goblin_castle, layout_loops_ring,
          mainiacjoe_overflow_boulevard, nicolae_ru_path_of_blood, serial_shops,
          shop, shop, nicolae_shop_waterfront, shop, uniq_sigmund, uniq_robin
D:4:      layout_basic
D:5:      layout_cave_pools, kennysheep_vampire_church,
          nicolae_overflow_crystal_walls, grunt_ministairs_8,
          grunt_decor_mini_mirrors, kb_lookout_dungeons_type,
          minmay_splitting_lines, hangedman_abyss_or_decor_stabs

Skill      XL: |  1  2  3  4  5  6 |
---------------+-------------------+-----
Shapeshifting  | 5 6 |  6.1
Unarmed Combat | 4 |  4.3
Fighting       | 2 |  2.5
Dodging        | |  2.0

Action                     |  1- 3 |  4- 6 |  7- 9 || total
---------------------------+-------+-------+-------++-------
  Melee: Unarmed           |    62 |   116 |     9 ||   187
         Constrict         |    17 |    28 |     4 ||    49
         Tentacles         |     5 |    21 |     3 ||    29
         Punch             |     3 |     6 |     1 ||    10
    Use: Scroll            |       |     8 |       ||     8
         Potion            |       |     2 |     1 ||     3
   Stab: Sleeping          |     4 |     4 |       ||     8
         Distracted        |       |     1 |       ||     1
 Armour: Skin              |    25 |    48 |    35 ||   108
  Dodge: Dodged            |    45 |    55 |    34 ||   134

Table legend: (Time is in decaauts)
 A = Elapsed time spent in this place.
 B = Non-inter-level travel time spent in this place.
 C = Inter-level travel time spent in this place.
 D = Time resting spent in this place.
 E = Time spent auto-exploring this place.
 F = Levels seen in this place.
 G = Mean time per level.
                   A        B        C        D        E       F      G
               +--------+--------+--------+--------+--------+-----+--------+
         Total |   3661 |   3485 |    176 |    334 |   2310 |   5 |  732.2 |
       Dungeon |   3661 |   3485 |    176 |    334 |   2310 |   5 |  732.2 |
               +--------+--------+--------+--------+--------+-----+--------+

Top non-repeatable levels by time:
     D:3: 1198 daAuts
     D:4: 1004 daAuts
     D:2: 860 daAuts
     D:1: 568 daAuts
     D:5: 29 daAuts
